 Dungeon Crawl Stone Soup version 0.28.0-45-g0d030f2227 (webtiles) character file.

Game seed: 1280436864385490734

2 protoss039 the Digger (level 1, -1/13 HPs)
             Began as a Demonspawn Earth Elementalist on May 30, 2022.
             Slain by a kobold
             ... wielding a +0 dagger
              (3 damage)
             ... on level 1 of the Dungeon.
             The game lasted 00:00:36 (66 turns).

protoss039 the Digger (Demonspawn Earth Elementalist) Turns: 66, Time: 00:00:37

Health: -1/13      AC:  2    Str:  8    XL:     1   Next: 25%
Magic:  0/3        EV: 12    Int: 16    God:
Gold:   35         SH:  0    Dex: 13    Spells: 3/4 levels left

rFire   . . .      SeeInvis .   (no weapon)
rCold   . . .      Faith    .   (no shield)
rNeg    . . .      Spirit   .   b - +0 robe
rPois   .          Reflect  .   (no helmet)
rElec   .          Harm     .   (no cloak)
rCorr   .          Rampage  .   (no gloves)
Will    .....                   (no boots)
Stlth   ++........              (no amulet)
HPRegen 0.04/turn               (no ring)
MPRegen 0.08/turn               (no ring)

@: no status effects
A: no striking features
a: no special abilities


You were on level 1 of the Dungeon.
You visited 1 branch of the dungeon, and saw 1 of its levels.

You collected 35 gold pieces.

Inventory:

Missiles
 c - 24 stones
Armour
 b - a +0 robe (worn)


   Skills:
 * Level 0.2 Fighting
 + Level 0.1 Armour
 - Level 1.7 Dodging
 - Level 1.7 Stealth
 + Level 2.0 Spellcasting
 * Level 0.9 Transmutations
 + Level 2.7 Earth Magic


You had 3 spell levels left.
You knew the following spells:

 Your Spells              Type           Power      Damage    Failure   Level
a - Sandblast             Erth           20%        2d7       7%          1

Your spell library contained the following spells:

 Spells                   Type           Power      Damage    Failure   Level
 Passwall                 Tmut/Erth      5%         N/A       14%         2
 Stone Arrow              Conj/Erth      10%        3d7       34%         3
 Petrify                  Tmut/Erth      7%         N/A       67%         4


Dungeon Overview and Level Annotations

Branches:
Dungeon (1/15)

Altars:


Message History

The giant cockroach is severely wounded.
The giant cockroach misses you.
Unknown command.
You barely miss the giant cockroach.
The giant cockroach is severely wounded.
The giant cockroach closely misses you.
Unknown command.
You closely miss the giant cockroach.
The giant cockroach is severely wounded.
The giant cockroach bites you but does no damage.
Unknown command.
You hit the giant cockroach.
The giant cockroach is almost dead.
The giant cockroach bites you. The giant cockroach closely misses you.
Unknown command.
You hit the giant cockroach but do no damage.
The giant cockroach is almost dead.
The giant cockroach closely misses you.
You closely miss the giant cockroach.
The giant cockroach is almost dead.
The giant cockroach barely misses you.
You hit the giant cockroach.
You kill the giant cockroach!
Casting: Sandblast (safe; 7% risk of failure)
Confirm with . or Enter, or press ? or * to list all spells.
Aiming: Sandblast (safe; 7% risk of failure)
Press: ? - help, Shift-Dir - straight line, f - goblin, p - kobold
Aim: a goblin, wielding a +0 club (74% to hit)
The blast of sand misses the kobold.
The blast of sand misses the goblin.
The kobold hits you with a +0 dagger.
* * * LOW HITPOINT WARNING * * *
Unknown command.
You closely miss the kobold. The kobold barely misses you.
You hit the kobold but do no damage. The kobold misses you.
You miss the kobold. The kobold closely misses you.
You hit the kobold but do no damage.
A bat comes into view.
The kobold misses you.
The bat moves out of view.
You hit the kobold but do no damage. The kobold hits you with a +0 dagger.
You die...

.........
.........
#K.......
#........
#........
#..†.....
###........
#.Kg.......
#@#########
###.###
##.....##
##.......##
##.........##
##...........##
#.............#
#.....≈≈≈.....#
#....≈...≈....#


You could see a goblin and a kobold.

Vanquished Creatures
  A giant cockroach (D:1)
  A rat (D:1)
2 creatures vanquished.

Notes
Turn   | Place    | Note
-------+----------+-------------------------------------------
     0 | D:1      | protoss039 the Demonspawn Earth Elementalist began the
                  | quest for the Orb.
     0 | D:1      | Reached XP level 1. HP: 13/13 MP: 3/3
    66 | D:1      | Slain by a kobold

Illustrated notes

Levels and vault maps discovered:
D:1:      enne_arrival_octagon_isle, layout_basic,
          shapermc_ecumenical_altar_petra, item_on_display_a

Action                   || total
-------------------------++-------
Melee: Unarmed           ||    38
 Cast: Sandblast         ||     6
Armor: Robe              ||    11
Dodge: Dodged            ||    29
